NWL (28 & UNDER)
SAN DIEGO SMASHERS @ BISMARCK BARONS
09/07/2027
 
TOP OF THE 1ST
San Diego Smashers batting - Pitching for Bismarck Barons : RHP Ron Martin
Pitching: RHP Ron Martin
Batting: LHB Michael Myers 0-0: Called Strike
0-1: Swinging Strike
0-2: Ball
1-2: Fly out, F7 (Flyball, 7S)
Batting: LHB Jaime Icaza 0-0: Ball
1-0: Called Strike
1-1: Foul Ball, location: 2F
1-2: Strikes out looking
Batting: RHB Ricardo Guzmán 0-0: Ball
1-0: Fly out, F7 (Flyball, 7S)
Top of the 1st over - 0 run(s), 0 hit(s), 0 error(s), 0 left on base; San Diego 0 - Bismarck 0
BOTTOM OF THE 1ST
Bismarck Barons batting - Pitching for San Diego Smashers : RHP Roberto Carrillo
Pitching: RHP Roberto Carrillo
Batting: SHB Álex Hernández 0-0: Ground out 1-3 (Groundball, P)
Batting: LHB John Frost 0-0: Ball
1-0: Foul Ball, location: 2F
1-1: Called Strike
1-2: Foul Ball, location: 2F
1-2: Ball
2-2: Foul Ball, location: 2F
2-2: Foul Ball, location: 2F
2-2: Foul Ball, location: 2F
2-2: Ground out 6-3 (Groundball, 6)
Batting: RHB Seiji Kouno 0-0: Ball
1-0: Called Strike
1-1: Called Strike
1-2: Foul Ball, location: 2F
1-2: Ground out 6-3 (Groundball, 6M)
Bottom of the 1st over - 0 run(s), 0 hit(s), 0 error(s), 0 left on base; San Diego 0 - Bismarck 0
TOP OF THE 2ND
San Diego Smashers batting - Pitching for Bismarck Barons : RHP Ron Martin
Batting: LHB Ken Phillips 0-0: Called Strike
0-1: Ball
1-1: Swinging Strike
1-2: Ball
2-2: Foul Ball, location: 2F
2-2: Ball
3-2: Base on Balls
Batting: RHB Gilberto Guzmán 0-0: Ball
1-0: Called Strike
1-1: Foul Ball, location: 2F
1-2: Strikes out swinging
Batting: LHB Joe Baker 0-0: Ball
1-0: Ball
2-0: Ball
3-0: Base on Balls
Ken Phillips to second
Batting: RHB John Nelson 0-0: Ball
1-0: SINGLE (Groundball, 6MD)
Ken Phillips to third
Joe Baker to second
Runner from 3rd tries for Home, SAFE, no throw
Batting: RHB Manny Torrez 0-0: Ball
1-0: Called Strike
Joe Baker is caught stealing 3rd base
John Nelson to second
1-1: Ball
2-1: Called Strike
2-2: Foul Ball, location: 2F
2-2: Foul Ball, location: 2F
2-2: Strikes out swinging
Top of the 2nd over - 1 run(s), 1 hit(s), 0 error(s), 1 left on base; San Diego 1 - Bismarck 0
BOTTOM OF THE 2ND
Bismarck Barons batting - Pitching for San Diego Smashers : RHP Roberto Carrillo
Batting: LHB José Martínez 0-0: Swinging Strike
0-1: Foul Ball, location: 2F
0-2: Strikes out swinging
Batting: LHB Jesús Bueno 0-0: Called Strike
0-1: Ball
1-1: Called Strike
1-2: Ball
2-2: Foul Ball, location: 2F
2-2: Ball
3-2: Base on Balls
Batting: RHB Dennis Garner 0-0: Ball
1-0: Grounds into double play, 4-6-3 (Groundball, 4)
Bottom of the 2nd over - 0 run(s), 0 hit(s), 0 error(s), 0 left on base; San Diego 1 - Bismarck 0
TOP OF THE 3RD
San Diego Smashers batting - Pitching for Bismarck Barons : RHP Ron Martin
Batting: RHB Nate Atkinson 0-0: Ball
1-0: Swinging Strike
1-1: Ball
2-1: Foul Ball, location: 2F
2-2: SINGLE (Line Drive, 6M)
Batting: LHB Michael Myers 0-0: Ball
1-0: Fly out, F8 (Flyball, 8RS)
Batting: LHB Jaime Icaza 0-0: Ball
1-0: Foul Ball, location: 2F
1-1: Called Strike
1-2: Foul Ball, location: 2F
1-2: Strikes out swinging
Batting: RHB Ricardo Guzmán 0-0: Called Strike
0-1: Fielders Choice at 2nd, 5-4 (Groundball, 56)
Top of the 3rd over - 0 run(s), 1 hit(s), 0 error(s), 0 left on base; San Diego 1 - Bismarck 0
BOTTOM OF THE 3RD
Bismarck Barons batting - Pitching for San Diego Smashers : RHP Roberto Carrillo
Batting: SHB Jeff Chambers 0-0: Foul Ball, location: 2F
0-1: Called Strike
0-2: Ball
1-2: Ball
2-2: Foul Ball, location: 2F
2-2: Ground out 4-3 (Groundball, 4S)
Batting: SHB Manuel Hegnauer 0-0: Ball
1-0: Foul Ball, location: 2F
1-1: Ball
2-1: Called Strike
2-2: Fly out, F8 (Flyball, 8LD)
Batting: RHB Felipe Domínguez 0-0: Ball
1-0: Called Strike
1-1: Foul Ball, location: 2F
1-2: Strikes out swinging
Bottom of the 3rd over - 0 run(s), 0 hit(s), 0 error(s), 0 left on base; San Diego 1 - Bismarck 0
TOP OF THE 4TH
San Diego Smashers batting - Pitching for Bismarck Barons : RHP Ron Martin
Batting: LHB Ken Phillips 0-0: Called Strike
0-1: Foul Ball, location: 2F
0-2: Ground out 4-3 (Groundball, 4)
Batting: RHB Gilberto Guzmán 0-0: Ball
1-0: Called Strike
1-1: Ball
2-1: Ground out 5-3 (Groundball, 56S)
Batting: LHB Joe Baker 0-0: Reached on error, E4 (Groundball, 4)
Batting: RHB John Nelson 0-0: Called Strike
0-1: Called Strike
0-2: Ball
Joe Baker steals 2nd base
1-2: Strikes out looking
Top of the 4th over - 0 run(s), 0 hit(s), 1 error(s), 1 left on base; San Diego 1 - Bismarck 0
BOTTOM OF THE 4TH
Bismarck Barons batting - Pitching for San Diego Smashers : RHP Roberto Carrillo
Batting: SHB Álex Hernández 0-0: Called Strike
0-1: Ball
1-1: Swinging Strike
1-2: Foul Ball, location: 2F
1-2: Foul Ball, location: 2F
1-2: Ball
2-2: Foul Ball, location: 2F
2-2: Ground out U3 (Groundball, 3)
Batting: LHB John Frost 0-0: Called Strike
0-1: Ball
1-1: Ball
2-1: Swinging Strike
2-2: Foul Ball, location: 2F
2-2: Strikes out swinging
Batting: RHB Seiji Kouno 0-0: Ball
1-0: Called Strike
1-1: Ball
2-1: Foul Ball, location: 2F
2-2: Ball
3-2: Base on Balls
Batting: LHB José Martínez 0-0: Ball
1-0: Called Strike
1-1: Foul Ball, location: 2F
1-2: Ball
2-2: Foul Ball, location: 2F
2-2: Ball
3-2: Foul Ball, location: 2F
3-2: Foul Ball, location: 2F
3-2: Base on Balls
Seiji Kouno to second
Batting: LHB Jesús Bueno 0-0: Ball
1-0: SINGLE (Groundball, 34D)
Seiji Kouno to third
José Martínez to second
Batting: RHB Dennis Garner 0-0: Foul Ball, location: 2F
0-1: Ball
1-1: Swinging Strike
1-2: Foul Ball, location: 2F
1-2: Ball
2-2: SINGLE (Groundball, 6D)
Seiji Kouno scores
José Martínez to third
Jesús Bueno to second
Runner from 3rd tries for Home, SAFE, no throw
Batting: SHB Jeff Chambers 0-0: Ball
1-0: Swinging Strike
1-1: Foul Ball, location: 2F
1-2: Foul Ball, location: 2F
1-2: Foul Ball, location: 2F
1-2: Strikes out looking
Bottom of the 4th over - 2 run(s), 2 hit(s), 0 error(s), 2 left on base; San Diego 1 - Bismarck 2
TOP OF THE 5TH
San Diego Smashers batting - Pitching for Bismarck Barons : RHP Ron Martin
Batting: RHB Manny Torrez 0-0: Ball
1-0: Called Strike
1-1: Ball
2-1: SINGLE (Groundball, 4MD)
Batting: RHB Nate Atkinson 0-0: Ball
1-0: Foul Ball, location: 2F
1-1: Ball
2-1: Ball
Wild Pitch!
Manny Torrez to second
3-1: Swinging Strike
3-2: Foul Ball, location: 2F
3-2: Strikes out swinging
Batting: LHB Michael Myers 0-0: Called Strike
0-1: Ball
1-1: Foul Ball, location: 2F
1-2: Ball
2-2: Foul Ball, location: 2F
2-2: Fly out, F9 (Flyball, 89D)
Runner from 2nd tags up, SAFE at 3rd, no throw
Batting: LHB Jaime Icaza 0-0: Ball
1-0: Ball
2-0: Ball
3-0: Called Strike
3-1: Base on Balls
Batting: RHB Ricardo Guzmán 0-0: Foul Ball, location: 2F
0-1: Ball
1-1: Called Strike
1-2: Foul Ball, location: 2F
1-2: Fielders Choice at 2nd, 4-6 (Groundball, 4)
Top of the 5th over - 0 run(s), 1 hit(s), 0 error(s), 1 left on base; San Diego 1 - Bismarck 2
BOTTOM OF THE 5TH
Bismarck Barons batting - Pitching for San Diego Smashers : RHP Roberto Carrillo
Batting: SHB Manuel Hegnauer 0-0: Called Strike
0-1: Fly out, F6 (Popup, 6D)
Batting: RHB Felipe Domínguez 0-0: Called Strike
0-1: Foul Ball, location: 2F
0-2: Foul Ball, location: 2F
0-2: Foul Ball, location: 2F
0-2: Foul Ball, location: 2F
0-2: Ball
1-2: Strikes out looking
Batting: SHB Álex Hernández 0-0: Ball
1-0: Foul Ball, location: 2F
1-1: Ball
2-1: Ball
3-1: Base on Balls
Pitching: LHP Geoff Williams
Batting: LHB John Frost 0-0: Ball
1-0: Foul Ball, location: 2F
1-1: Ball
2-1: Foul Ball, location: 2F
2-2: Foul Ball, location: 2F
2-2: Fly out, F8 (Flyball, 8LS)
Bottom of the 5th over - 0 run(s), 0 hit(s), 0 error(s), 1 left on base; San Diego 1 - Bismarck 2
TOP OF THE 6TH
San Diego Smashers batting - Pitching for Bismarck Barons : RHP Ron Martin
Pitching: RHP Armando Torres
Batting: LHB Ken Phillips 0-0: Foul Ball, location: 2F
0-1: Ball
1-1: Swinging Strike
1-2: Strikes out swinging
Batting: RHB Gilberto Guzmán 0-0: Ball
1-0: Ball
2-0: Ball
3-0: Base on Balls
Batting: LHB Joe Baker 0-0: Ball
Gilberto Guzmán steals 2nd base
1-0: Foul Ball, location: 2F
1-1: Fly out, F6 (Popup, 6D)
Batting: RHB John Nelson 0-0: Foul Ball, location: 2F
0-1: Ground out 4-3 (Groundball, 4)
Top of the 6th over - 0 run(s), 0 hit(s), 0 error(s), 1 left on base; San Diego 1 - Bismarck 2
BOTTOM OF THE 6TH
Bismarck Barons batting - Pitching for San Diego Smashers : LHP Geoff Williams
Batting: RHB Seiji Kouno 0-0: Ball
1-0: Ball
2-0: Called Strike
2-1: Ball
3-1: Swinging Strike
3-2: Foul Ball, location: 2F
3-2: SINGLE (Groundball, 56D)
Batting: LHB José Martínez 0-0: Foul Ball, location: 2F
0-1: Ball
1-1: Grounds out, U3 (Groundball, 3L)
Batting: LHB Jesús Bueno 0-0: Ball
1-0: Ball
2-0: SINGLE (Groundball, 34D)
Seiji Kouno to third
Runner from 3rd tries for Home, SAFE, throw made home
Pitching: LHP Raymond Ritchie
Batting: RHB Dennis Garner 0-0: Called Strike
0-1: Ball
1-1: Ball
2-1: Ball
3-1: Called Strike
3-2: Strikes out swinging
Batting: SHB Jeff Chambers 0-0: Called Strike
0-1: Foul Ball, location: 2F
0-2: Ball
1-2: Ball
2-2: Fielders Choice at 2nd, 4-6 (Groundball, 4)
Bottom of the 6th over - 1 run(s), 2 hit(s), 0 error(s), 0 left on base; San Diego 1 - Bismarck 3
TOP OF THE 7TH
San Diego Smashers batting - Pitching for Bismarck Barons : RHP Armando Torres
Batting: RHB Manny Torrez 0-0: Swinging Strike
0-1: Called Strike
0-2: Foul Ball, location: 2F
0-2: Ball
1-2: Ball
2-2: Ball
3-2: Fly out, F7 (Flyball, 78M)
Batting: RHB Nate Atkinson 0-0: Ball
1-0: Called Strike
1-1: Swinging Strike
1-2: Foul Ball, location: 2F
1-2: SINGLE (Line Drive, 8RS)
Batting: LHB Michael Myers 0-0: Ball
1-0: Ball
2-0: Ball
3-0: Swinging Strike
3-1: Base on Balls
Nate Atkinson to second
Batting: LHB Jaime Icaza 0-0: Ball
1-0: SINGLE (Groundball, 4MD)
Nate Atkinson to third
Michael Myers to second
Batting: RHB Ricardo Guzmán 0-0: Swinging Strike
0-1: Fielders Choice at 2nd, 6-4 (Groundball, 6)
Nate Atkinson scores
Michael Myers to third
Batting: LHB Ken Phillips 0-0: Ball
1-0: Called Strike
1-1: Fly out, F8 (Flyball, 89S)
Top of the 7th over - 1 run(s), 2 hit(s), 0 error(s), 2 left on base; San Diego 2 - Bismarck 3
BOTTOM OF THE 7TH
Bismarck Barons batting - Pitching for San Diego Smashers : LHP Raymond Ritchie
Batting: SHB Manuel Hegnauer 0-0: Ball
1-0: Called Strike
1-1: Called Strike
1-2: Ball
2-2: Ground out 5-3 (Groundball, 56S)
Batting: RHB Felipe Domínguez 0-0: Called Strike
0-1: Ball
1-1: Swinging Strike
1-2: Strikes out swinging
Batting: SHB Álex Hernández 0-0: Ball
1-0: Called Strike
1-1: SINGLE (Line Drive, 34)
Pinch Hitting: RHB Jon Krohne 0-0: Ball
1-0: Fly out, F9 (Flyball, 89D)
Bottom of the 7th over - 0 run(s), 1 hit(s), 0 error(s), 1 left on base; San Diego 2 - Bismarck 3
TOP OF THE 8TH
San Diego Smashers batting - Pitching for Bismarck Barons : RHP Armando Torres
Pitching: LHP Christiano Gomes
Now at 3B: Mark Roy
Batting: RHB Gilberto Guzmán 0-0: Foul Ball, location: 2F
0-1: DOUBLE (Flyball, 9LM)
Pinch Hitting: RHB Fred Ameris 0-0: Called Strike
0-1: Ball
1-1: Ball
2-1: Ball
3-1: Called Strike
3-2: SINGLE (Groundball, 34D)
Gilberto Guzmán to third
Runner from 3rd tries for Home, SAFE, no throw
Batting: RHB John Nelson 0-0: Ball
1-0: Foul Ball, location: 2F
1-1: Grounds into double play, 4-6-3 (Groundball, 4)
Batting: RHB Manny Torrez 0-0: Called Strike
0-1: Ground out 6-3 (Groundball, 6M)
Top of the 8th over - 1 run(s), 2 hit(s), 0 error(s), 0 left on base; San Diego 3 - Bismarck 3
BOTTOM OF THE 8TH
Bismarck Barons batting - Pitching for San Diego Smashers : LHP Raymond Ritchie
Now at SS: Walt Rodgers
Batting: RHB Seiji Kouno 0-0: Called Strike
0-1: Ball
1-1: Ball
2-1: Foul Ball, location: 2F
2-2: Foul Ball, location: 2F
2-2: SINGLE (Line Drive, 6MD)
Pinch Runner at 1st Pancho Torres:
Batting: LHB José Martínez 0-0: Ball
Throwing error on steal attempt, E2
Pancho Torres to third
1-0: Foul Ball, location: 2F
1-1: Foul Ball, location: 2F
1-2: Ground out 4-3 (Groundball, 4S)
Pinch Hitting: RHB Michael Thomas 0-0: Intentional Walk
Pinch Hitting: RHB Esteban Lara 0-0: Ball
1-0: Ball
2-0: Called Strike
2-1: Ball
3-1: Base on Balls
Michael Thomas to second
Batting: SHB Jeff Chambers 0-0: Called Strike
0-1: Called Strike
0-2: Ball
1-2: Strikes out swinging
Batting: SHB Manuel Hegnauer 0-0: Ball
1-0: Foul Ball, location: 2F
1-1: Ball
2-1: SINGLE (Line Drive, 34)
Pancho Torres scores
Michael Thomas to third
Esteban Lara to second
Runner from 3rd tries for Home, SAFE, no throw
Pitching: RHP Joe Shoemaker
Batting: RHB Felipe Domínguez 0-0: Ball
1-0: Fly out, F2 (Popup, 23)
Bottom of the 8th over - 2 run(s), 2 hit(s), 1 error(s), 2 left on base; San Diego 3 - Bismarck 5
TOP OF THE 9TH
San Diego Smashers batting - Pitching for Bismarck Barons : LHP Christiano Gomes
Pitching: RHP Wilson Molina
Now at 1B: Tommy Dawson
Now at SS: Michael Thomas
Now in LF: Pancho Torres
Batting: RHB Nate Atkinson 0-0: Ball
1-0: Ball
2-0: SINGLE (Groundball, 6S) (infield hit)
Batting: LHB Michael Myers 0-0: Ball
1-0: Ball
2-0: Called Strike
2-1: Foul Ball, location: 2F
2-2: Ball
3-2: Base on Balls
Nate Atkinson to second
Batting: LHB Jaime Icaza 0-0: Sac Bunt - play at first, batter OUT! 1-3
Nate Atkinson to third
Michael Myers to second
Batting: RHB Ricardo Guzmán 0-0: Foul Ball, location: 2F
0-1: Fly out, F9 (Flyball, 9S)
Batting: LHB Ken Phillips 0-0: Ball
Wild Pitch!
Nate Atkinson scores
Michael Myers to third
1-0: Called Strike
1-1: Ball
2-1: Foul Ball, location: 2F
2-2: Ball
3-2: Foul Ball, location: 2F
3-2: Fly out, F9 (Flyball, 89M)
Top of the 9th over - 1 run(s), 1 hit(s), 0 error(s), 1 left on base; San Diego 4 - Bismarck 5
Thursday, March 30th, 2017 - OOTP Baseball 17.12 Build 75